 Dungeon Crawl Stone Soup version 0.29.0-5-ge4962eb29e (webtiles) character file.

Game seed: 8711546668688763063

100 Ordine the Magician (level 4, 0/24 HPs)
             Began as a Deep Elf Hedge Wizard on Aug 28, 2022.
             Slain by an orc
             ... wielding a +0 hand axe
              (6 damage)
             ... on level 2 of the Dungeon.
             The game lasted 00:06:49 (2897 turns).

Ordine the Magician (Deep Elf Hedge Wizard)         Turns: 2897, Time: 00:06:50

Health: 0/24       AC:  2    Str:  7    XL:     4   Next: 46%
Magic:  4/22       EV: 13    Int: 21    God:
Gold:   115        SH:  0    Dex: 14    Spells: 7/13 levels left

rFire   . . .      SeeInvis .   a - +0 dagger
rCold   . . .      Faith    .   (no shield)
rNeg    . . .      Spirit   .   b - +0 robe
rPois   .          Reflect  .   c - +0 hat
rElec   .          Harm     .   (no cloak)
rCorr   .          Rampage  .   (no gloves)
Will    .....                   (no boots)
Stlth   ++........              (no amulet)
HPRegen 0.08/turn               e - ring of magical power
MPRegen 0.18/turn               (no ring)

@: on blink cooldown, very slightly contaminated
A: no striking features
a: no special abilities


You were on level 2 of the Dungeon.
You visited 1 branch of the dungeon, and saw 3 of its levels.

You collected 115 gold pieces.

Inventory:

Hand Weapons
 a - a +0 dagger (weapon)
Armour
 b - a +0 robe (worn)
 c - a +0 hat (worn)
Jewellery
 e - a ring of magical power (left hand)
Scrolls
 f - 3 scrolls of poison {unknown}
 g - 2 scrolls of identify {unknown}
 h - 2 scrolls of teleportation {unknown}
 i - a scroll of amnesia {unknown}
Potions
 d - a potion of magic


   Skills:
 - Level 3.0 Dodging
 - Level 3.0 Stealth
 + Level 5.1 Spellcasting
 + Level 2.1 Conjurations
 - Level 2.0 Summonings
 - Level 2.0 Translocations
 + Level 1.3 Air Magic


You had 7 spell levels left.
You knew the following spells:

 Your Spells              Type           Power      Damage    Failure   Level
a - Magic Dart            Conj           56%        1d5       4%          1
b - Blink                 Tloc           26%        N/A       7%          2
c - Mephitic Cloud        Conj/Pois/Air  10%        N/A       21%         3

Your spell library contained the following spells:

 Spells                   Type           Power      Damage    Failure   Level
 Shock                    Conj/Air       48%        1d6       5%          1
 Call Imp                 Summ           13%        N/A       7%          2
 Slow                     Hex            20%        N/A       11%         1
 Swiftness                Air            10%        N/A       19%         3
 Conjure Flame            Conj/Fire      9%         6-21      21%         3
 Airstrike                Air            5%         2d(1-17)  52%         4


Dungeon Overview and Level Annotations

Branches:
Dungeon (3/15)

Altars:

Shops:
D:3 =

Annotations:
D:3 Terence


Message History

* * * LOW HITPOINT WARNING * * *
Casting: Magic Dart (safe; 4% risk of failure)
Confirm with . or Enter, or press ? or * to list all spells.
You miscast Blink.
You are very lightly contaminated with residual magic.
Nothing appears to happen.
The orc hits you with a +0 hand axe.
* * * LOW HITPOINT WARNING * * *
Casting: Blink (safe; 7% risk of failure)
Confirm with . or Enter, or press ? or * to list all spells.
You blink.
You are too injured to fight recklessly!
You are too injured to fight recklessly!
Casting: Blink (safe; 7% risk of failure)
Confirm with . or Enter, or press ? or * to list all spells.
You are still too unstable to blink.
Casting: Blink (safe; 7% risk of failure)
Confirm with . or Enter, or press ? or * to list all spells.
Aiming: Magic Dart (safe; 4% risk of failure)
Press: ? - help, Shift-Dir - straight line, f/p - orc
Aim: an orc, wielding a +0 hand axe and wearing a +0 chain mail (heavily wounded, 100% to hit)
The magic dart hits the orc but does no damage.
The orc is heavily wounded.
The orc closely misses you.
Casting: Magic Dart (safe; 4% risk of failure)
Confirm with . or Enter, or press ? or * to list all spells.
Aiming: Magic Dart (safe; 4% risk of failure)
Press: ? - help, Shift-Dir - straight line, f/p - orc
Aim: an orc, wielding a +0 hand axe and wearing a +0 chain mail (heavily wounded, 100% to hit)
The magic dart hits the orc.
The orc is almost dead.
The orc completely misses you.
Casting: Magic Dart (safe; 4% risk of failure)
Confirm with . or Enter, or press ? or * to list all spells.
Aiming: Magic Dart (safe; 4% risk of failure)
Press: ? - help, Shift-Dir - straight line, f/p - orc
Aim: an orc, wielding a +0 hand axe and wearing a +0 chain mail (almost dead, 100% to hit)
The magic dart hits the orc but does no damage.
The orc is almost dead.
The orc hits you with a +0 hand axe.
You die...

####.########>###
###................
#.......#######....
#.......# #####.(.#
#.......###.....#.#
#............#..#.#
##......###..#(.#.#
#.#...............
#@#.........#....#
#o#....####.#..#.#
#.#...#####.#..#.#
#>.............#<.
#.#.####.##.#..#..
#.#.# #..........
###.####..#.#.###.
#.........#.....
######..#.#####.


You could see an orc.

Vanquished Creatures
  Natasha (D:3)
  An adder (D:3)
  2 worms (D:2)
  3 dart slugs
  An orc (D:3)
  5 endoplasms
  3 giant cockroaches
  4 goblins (D:1)
  5 hobgoblins
  2 jackals (D:2)
  3 quokkas
  3 ball pythons
  5 bats
  A frilled lizard (D:1)
  4 kobolds
  4 rats
47 creatures vanquished.

Vanquished Creatures (others)
  3 fungi (D:3)
  8 plants (D:3)
11 creatures vanquished.

Grand Total: 58 creatures vanquished

Notes
Turn   | Place    | Note
-------+----------+-------------------------------------------
     0 | D:1      | Ordine the Deep Elf Hedge Wizard began the quest for the
                  | Orb.
     0 | D:1      | Reached XP level 1. HP: 10/10 MP: 7/7
   523 | D:1      | Reached XP level 2. HP: 15/15 MP: 9/9
   583 | D:1      | Learned a level 2 spell: Blink
  1342 | D:1      | Reached XP level 3. HP: 19/19 MP: 11/11
  1834 | D:2      | Learned a level 3 spell: Mephitic Cloud
  2542 | D:3      | Found Lyodes Tari's Jewellery Shop.
  2552 | D:3      | Reached XP level 4. HP: 24/24 MP: 12/12
  2598 | D:3      | Noticed Terence
  2851 | D:3      | Noticed Natasha
  2858 | D:3      | Found a faded altar of an unknown god.
  2860 | D:3      | Killed Natasha
  2861 | D:3      | Reached skill level 5 in Spellcasting
  2861 | D:3      | Reached skill level 1 in Air Magic
  2897 | D:2      | Slain by an orc

Illustrated notes

Levels and vault maps discovered:
D:1:      nicolae_arrival_somewhat_less_tricky_arrival, layout_loops_corners,
          amethyst_killhole
D:2:      layout_basic, nrook_uturn
D:3:      layout_basic, serial_shops, shop, shop, nicolae_shop_hallway_plus,
          shop, shapermc_ecumenical_altar_mp_ritualfount, roderic_lattice_a,
          uniq_sigmund, uniq_natasha, uniq_ijyb, uniq_terence

Skill      XL: |  1  2  3  4 |
---------------+-------------+-----
Stealth        | 3 |  3.0
Dodging        | 3 |  3.0
Summonings     | 2 |  2.0
Spellcasting   | 5 |  5.1
Conjurations   | 2 |  2.1
Translocations | 2 |  2.0
Air Magic      | 1 |  1.3

Action                   |  1- 3 |  4- 6 || total
-------------------------+-------+-------++-------
 Cast: Magic Dart        |   136 |    40 ||   176
       Blink             |       |     3 ||     3
Armor: Robe              |     4 |     2 ||     6
Dodge: Dodged            |    24 |    17 ||    41
